 Dungeon Sprint DCSS version 0.18.1-50-g88ac8fd (webtiles) character file.

1463 varam the Grappler (level 8, 0/89 HPs)
             Began as a Troll Berserker on Oct 10, 2016.
             Was an Elder of Trog.
             Slain by a demonic crawler (3 damage)
             ... in the Dungeon (Sprint I: "Red Sonja").
             The game lasted 00:02:05 (409 turns).

varam the Grappler (Troll Berserker)                 Turns: 409, Time: 00:02:06

Health: 0/89       AC:  5    Str: 26    XL:     8   Next: 48%
Magic:  7/7        EV: 13    Int:  3    God:    Trog [****..]
Gold:   405        SH:  0    Dex: 11    Spells: 0 memorised, 7 levels left

rFire  . . .     SeeInvis .       - Unarmed
rCold  . . .     Gourm    +     a - +0 animal skin
rNeg   . . .     Faith    .     (no shield)
rPois  .         Spirit   .     (helmet restricted)
rElec  .         Dismiss  .     (no cloak)
rCorr  .         Reflect  .     (gloves unavailable)
SustAt .         Harm     .     (boots unavailable)
MR     .....     NoTele   +     (no amulet)
Stlth  +.........               (no ring)
                                (no ring)

@: exhausted, slowed, very slow, not resistant to hostile enchantments, very
unstealthy
A: unfitting armour, claws 3, fast metabolism 3, gourmand, regeneration 2,
shaggy fur 1, tough skin 2
a: Berserk, Trog's Hand, Brothers in Arms, Burn Spellbooks, Renounce Religion


You were in the Dungeon.
You worshipped Trog.
Trog was greatly pleased with you.
You were not hungry.

You visited 1 branch You collected 405 gold pieces.

Inventory:

Armour
 a - a +0 animal skin (worn)
Scrolls
 h - a scroll of blinking
Potions
 c - 2 potions of curing
 d - a potion of heal wounds
 e - a potion of haste
 f - 2 potions of magic
 g - a potion of berserk rage
 i - a potion of flight {unknown}
Comestibles
 b - a bread ration


   Skills:
 + Level 8.4 Fighting
 + Level 8.4 Dodging
 * Level 13.4 Unarmed Combat


You had 7 spell levels left.
You didn't know any spells.

Dungeon Overview and Level Annotations

Branches:
Dungeon (1/1)

Altars:
Cheibriados
Dithmenos
Elyvilon
Fedhas
Gozag
Kikubaaqudgha
Makhleb
Nemelex Xobeh
Okawaru
Pakellas
Qazlal
Ru
Sif Muna
Trog
Vehumet
Xom
Yredelemnul
Zin
The Shining One
Jiyva

Shops:
D =


Innate Abilities, Weirdness & Mutations

You are too large for most types of armour.
You have claws for hands.
Your metabolism is lightning-fast.
You like to eat raw meat.
You heal very quickly.
You are covered in fur (AC +1).
You have very tough skin (AC +2).


Message History

* * * LOW HITPOINT WARNING * * *
The demonic crawler closely misses you. The demonic crawler hits you!
* * * LOW HITPOINT WARNING * * *
You feel a strong urge to attack something.
You are no longer berserk.
You are exhausted.
You feel yourself slow down.
There is an open door, spattered with blood here.
The demonic crawler hits you.
* * * LOW HITPOINT WARNING * * *
The demonic crawler hits you!
* * * LOW HITPOINT WARNING * * *
The demonic crawler hits you.
* * * LOW HITPOINT WARNING * * *
You claw the demonic crawler!
The demonic crawler is lightly wounded.
The demonic crawler hits you.
* * * LOW HITPOINT WARNING * * *
The demonic crawler hits you.
You die...

######################
..'..#.)'..#__#.@ss..#
).#..'..#..'^.'..#s..##+#
####'#####'#__####)..†..#
###..#...#[#### #####..+
__####..##[# ##
_.___##'#..+ _.∩...'..._#
_..._##_.#+# _____###+#


You could see 3 demonic crawlers.

Vanquished Creatures
  2 kobold demonologists (D)
  A demonic crawler (D)
  A slime creature (D)
  Sigmund (D)
  A yak (D)
  A giant eyeball (D)
  An ogre (D)
  A jelly (D)
  Ijyb (D)
10 creatures vanquished.

Notes
Turn   | Place    | Note
--------------------------------------------------------------
     0 | D        | varam the Troll Berserker began the quest for the Orb.
     0 | D        | Reached XP level 1. HP: 22/22 MP: 0/0
     1 | D        | Noticed Ijyb
    21 | D        | Killed Ijyb
    21 | D        | Reached skill level 5 in Unarmed Combat
    21 | D        | Reached XP level 2. HP: 27/31 MP: 1/1
    46 | D        | Noticed an ogre
    55 | D        | Killed an ogre
    55 | D        | Reached ** piety under Trog
    55 | D        | Reached skill level 7 in Unarmed Combat
    55 | D        | Reached XP level 3. HP: 27/40 MP: 2/2
    55 | D        | Reached XP level 4. HP: 34/49 MP: 3/3
    93 | D        | Noticed Sigmund
    99 | D        | Killed Sigmund
    99 | D        | Reached skill level 5 in Fighting
    99 | D        | Reached skill level 5 in Dodging
    99 | D        | Reached skill level 9 in Unarmed Combat
    99 | D        | Reached XP level 5. HP: 59/59 MP: 4/4
   125 | D        | Found a deep blue altar of Sif Muna.
   127 | D        | Found a radiant altar of Vehumet.
   129 | D        | Reached XP level 6. HP: 67/67 MP: 5/5
   139 | D        | Found Ziecefue's Jewellery Emporium.
   139 | D        | Found a white marble altar of Elyvilon.
   139 | D        | Found a stormy altar of Qazlal.
   139 | D        | Found a burning altar of Makhleb.
   139 | D        | Found a sacrificial altar of Ru.
   139 | D        | Found an oddly glowing altar of Pakellas.
   139 | D        | Found a basalt altar of Yredelemnul.
   139 | D        | Found a glowing golden altar of the Shining One.
   139 | D        | Found a sparkling altar of Nemelex Xobeh.
   139 | D        | Found a shimmering altar of Xom.
   139 | D        | Found an opulent altar of Gozag.
   139 | D        | Found an ancient bone altar of Kikubaaqudgha.
   139 | D        | Found a glowing silver altar of Zin.
   139 | D        | Noticed a yak
   143 | D        | Killed a yak
   143 | D        | Reached *** piety under Trog
   143 | D        | Reached skill level 10 in Unarmed Combat
   144 | D        | Found an iron altar of Okawaru.
   145 | D        | Found a bloodstained altar of Trog.
   237 | D        | Found a snail-covered altar of Cheibriados.
   237 | D        | Found a viscous altar of Jiyva.
   237 | D        | Found a shadowy altar of Dithmenos.
   237 | D        | Found a blossoming altar of Fedhas.
   237 | D        | Noticed a slime creature
   242 | D        | Killed a slime creature
   242 | D        | Reached skill level 11 in Unarmed Combat
   242 | D        | Reached XP level 7. HP: 58/78 MP: 6/6
   287 | D        | Noticed a kobold demonologist
   289 | D        | Noticed a kobold demonologist
   291 | D        | Killed a kobold demonologist
   291 | D        | Reached skill level 12 in Unarmed Combat
   292 | D        | Paralysed by a giant eyeball for 4 turns
   293 | D        | Noticed a ynoxinul
   301 | D        | Noticed a chaos spawn
   303 | D        | Killed a kobold demonologist
   303 | D        | Reached **** piety under Trog
   303 | D        | Reached XP level 8. HP: 45/88 MP: 7/7
   306 | D        | Paralysed by a giant eyeball for 2 turns
   397 | D        | Noticed a demonic crawler
   397 | D        | Noticed a demonic crawler
   397 | D        | Noticed a demonic crawler
   397 | D        | Noticed a demonic crawler
   401 | D        | Killed a demonic crawler
   401 | D        | Reached skill level 13 in Unarmed Combat
   408 | D        | HP: 3/89 [demonic crawler (2)]
   409 | D        | Slain by a demonic crawler

Skill      XL: |  1  2  3  4  5  6  7  8 |
---------------+-------------------------+-----
Fighting       | 3 4 5 7 8 |  8.4
Dodging        | 3 4 5 7 8 |  8.4
Unarmed Combat | 5 7 9 11 12 13 | 13.4

Action                   |  1- 3 |  4- 6 |  7- 9 || total
-------------------------+-------+-------+-------++-------
Melee: Unarmed           |    24 |    12 |    18 ||    54
       Punch             |       |     3 |     2 ||     5
Invok: Berserk           |     1 |     1 |     2 ||     4
  Eat: Chunk             |       |     3 |       ||     3
       Bread ration      |       |       |     1 ||     1
Armor: Animal skin       |     7 |     1 |    20 ||    28
Dodge: Dodged            |     6 |     4 |    22 ||    32
